 Dungeon Crawl Stone Soup version 0.28-a0-1567-g1695149f81 (webtiles) character file.

Game seed: 13363189170367575861

55 southernslant the Skirmisher (level 3, -3/29 HPs)
             Began as a Demonspawn Fighter on Jan 20, 2022.
             Slain by Sigmund (4 damage)
             ... on level 2 of the Dungeon.
             The game lasted 00:02:45 (1236 turns).

southernslant the Skirmisher (Demonspawn Fighter)   Turns: 1236, Time: 00:02:47

Health: -3/29      AC:  6    Str: 18    XL:     3   Next: 67%
Magic:  3/3        EV:  9    Int:  9    God:
Gold:   11         SH:  4    Dex: 12    Spells: 2/2 levels left

rFire   . . .      SeeInvis .   a - +0 trident
rCold   . . .      Faith    .   c - +0 buckler
rNeg    . . .      Spirit   .   b - +0 scale mail
rPois   .          Reflect  .   (no helmet)
rElec   .          Harm     .   (no cloak)
rCorr   .          Rampage  .   (no gloves)
Will    .....                   (no boots)
Stlth   ..........              (no amulet)
HPRegen 0.09/turn               (no ring)
MPRegen 0.08/turn               (no ring)

@: mighty
A: demonic magic 1, demonic touch 1
a: no special abilities


You were on level 2 of the Dungeon.
You visited 1 branch of the dungeon, and saw 2 of its levels.

You collected 11 gold pieces.

Inventory:

Hand Weapons
 a - a +0 trident (weapon)
Missiles
 e - 43 stones (quivered)
Armour
 b - a +0 scale mail (worn)
 c - a +0 buckler (worn)
Scrolls
 f - a scroll of noise {unknown}
 h - a scroll of enchant armour {unknown}
 i - a scroll of acquirement {unknown}
Potions
 g - a potion of flight {unknown}


   Skills:
 + Level 3.2 Fighting
 * Level 2.4 Polearms
 + Level 0.7 Throwing
 + Level 2.8 Armour
 + Level 0.7 Dodging
 + Level 0.9 Stealth
 + Level 2.9 Shields


You had 2 spell levels left.
You didn't know any spells.
Your spell library contained the following spells:

 Spells                   Type           Power      Damage    Failure   Level
 Gell's Gravitas          Tloc           0%         N/A       99%         3
 Teleport Other           Tloc           0%         N/A       99%         3
 Dispersal                Tloc           0%         N/A       100%        6


Dungeon Overview and Level Annotations

Branches:
Dungeon (2/15)

Altars:

Annotations:
D:2 1 runed translucent door, Crazy Yiuf, Sigmund


Innate Abilities, Weirdness & Mutations

Spells you cast may paralyse adjacent enemies.
Your touch may inflict minor irresistible damage on your foes.


Message History

The kobold throws a stone.
You block the stone.
The kobold throws a stone.
The stone barely misses you.
The kobold throws a stone.
The stone misses you.
You throw a stone. The stone closely misses the kobold.
You throw a stone. The stone closely misses the kobold.
You throw a stone.
The stone hits the kobold but does no damage.
The kobold throws a stone.
The stone barely misses you.
You reach to attack!
You puncture the kobold!
You kill the kobold!
Sigmund hits you from afar with a +0 scythe!
You feel very mighty all of a sudden. Sigmund casts a spell at you.
You resist with significant effort.
You are too injured to fight recklessly!
Throw: 44 stones
Press: ? - help, Q - select action Shift-Dir - straight line, f - Sigmund
Aim: Sigmund, wielding a +0 scythe and wearing a +0 robe (53% to hit)
You throw a stone. The stone barely misses Sigmund.
Sigmund hits you but does no damage.
You completely miss Sigmund. Sigmund barely misses you.
You hit Sigmund.
Sigmund is lightly wounded.
Sigmund hits you with a +0 scythe.
You closely miss Sigmund.
Sigmund is lightly wounded.
Sigmund points at you and mumbles some strange words.
You resist with significant effort.
You puncture Sigmund!
Sigmund is moderately wounded.
You block Sigmund's attack.
You closely miss Sigmund.
Sigmund is moderately wounded.
Sigmund mumbles some strange words.
Sigmund flickers and vanishes!
Deactivating autopickup; reactivate with Ctrl-A.
You completely miss something. Something hits you!
* * * LOW HITPOINT WARNING * * *
You puncture something! Something hits you.
You die...

.....#....... #...(......
.....#....... #....#.#.#.
.###......... #####@...#
.###........ ####.(...#..##
.#.......#######............#
.#.#....># #...)..(#####..)#
.#.#....## #.##..)...(.#...#
.#......# # #.####....#.......
.###....###.#...@{........####
...###....#.######.##......
.#.######.#<[.####.........
.#.#†.<...###.....#...#####
.....#.#[........†.........
.......#.########.....#####
.........# ### ###.#.#
..#.##.### #<# #..### ###.##.#
#.# #....#


There were no monsters in sight!

Vanquished Creatures
  An adder (D:2)
  A worm (D:2)
  2 dart slugs (D:1)
  3 bats (D:1)
  2 endoplasms (D:1)
  A giant cockroach (D:1)
  3 goblins
  2 hobgoblins (D:1)
  4 jackals (D:2)
  4 kobolds
  2 quokkas (D:1)
  5 ball pythons
  2 frilled lizards
  5 rats
37 creatures vanquished.

Notes
Turn   | Place    | Note
-------+----------+-------------------------------------------
     0 | D:1      | southernslant the Demonspawn Fighter began the quest for
                  | the Orb.
     0 | D:1      | Reached XP level 1. HP: 18/18 MP: 1/1
   208 | D:1      | Gained mutation: Spells you cast may paralyse adjacent
                  | enemies. [demonic ancestry]
   208 | D:1      | Reached XP level 2. HP: 24/24 MP: 2/2
   739 | D:1      | Gained mutation: Your touch may inflict minor irresistible
                  | damage on your foes. [demonic ancestry]
   739 | D:1      | Reached XP level 3. HP: 29/29 MP: 3/3
  1044 | D:2      | Found a runed translucent door.
  1045 | D:2      | Noticed Crazy Yiuf
  1206 | D:2      | Noticed Sigmund
  1235 | D:2      | HP: 1/29 [something (10)]
  1236 | D:2      | Slain by Sigmund

Illustrated notes

Levels and vault maps discovered:
D:1:      dpeg_arrival_orchard, layout_basic, minmay_misc_feat_room
D:2:      layout_basic, uniq_sigmund, uniq_crazy_yiuf_cottage

Skill      XL: |  1 |
---------------+----+-----
Polearms       | 2 |  2.4
Fighting       | |  3.2
Throwing       | |  0.7
Armour         | |  2.8
Dodging        | |  0.7
Stealth        | |  0.9
Shields        | |  2.9

Action                   || total
-------------------------++-------
Melee: Trident           ||    87
Throw: Stone             ||    10
  Use: Potion            ||     1
Armor: Scale mail        ||    25
Dodge: Dodged            ||    26
Block: Buckler           ||    17

Table legend: (Time is in decaauts)
 A = Elapsed time spent in this place.
 B = Non-inter-level travel time spent in this place.
 C = Inter-level travel time spent in this place.
 D = Time resting spent in this place.
 E = Time spent auto-exploring this place.
 F = Levels seen in this place.
 G = Mean time per level.
                   A        B        C        D        E       F      G
               +--------+--------+--------+--------+--------+-----+--------+
         Total |   1257 |   1246 |     11 |      0 |   1021 |   2 |  628.5 |
       Dungeon |   1257 |   1246 |     11 |      0 |   1021 |   2 |  628.5 |
               +--------+--------+--------+--------+--------+-----+--------+

Top non-repeatable levels by time:
     D:1: 1000 daAuts
     D:2: 256 daAuts
